 Dungeon Crawl Stone Soup version 0.29.1-1-gd02db6906a (webtiles) character file.

Game seed: 6211195857196810369

770 Colgate the Frost Mage (level 7, 0/46 HPs)
             Began as a Barachi Ice Elementalist on Oct 11, 2022.
             Was a Believer of Makhleb.
             Succumbed to an orc wizard's poison
             ... on level 4 of the Dungeon.
             The game lasted 00:11:37 (4610 turns).

Colgate the Frost Mage (Barachi Ice Elementalist)   Turns: 4610, Time: 00:11:37

Health: 0/46       AC: 13    Str: 10    XL:     7   Next: 83%
Magic:  6/10       EV: 27    Int: 17    God:    Makhleb [**....]
Gold:   169        SH:  0    Dex: 12    Spells: 2/10 levels left

rFire   . . .      SeeInvis .   a - +2 short sword (elec)
rCold   . . .      Faith    .   (no shield)
rNeg    . . .      Spirit   .   p - +0 robe
rPois   .          Reflect  .   r - +2 hat {Stlth+}
rElec   .          Harm     .   s - +0 cloak {Stlth+}
rCorr   .          Rampage  .   (no gloves)
Will    .....                   (no boots)
Stlth   +++.......              i - amulet of the acrobat
HPRegen 0.15/turn               n - +4 ring of protection
MPRegen 0.12/turn               o - +4 ring of protection

@: confused, lethally poisoned (0 -> -13), acrobatic, slow
A: amphibious, slowness 1, strong legs 1, +LOS
a: Hop, Renounce Religion, Minor Destruction


You were on level 4 of the Dungeon.
You worshipped Makhleb.
Makhleb was pleased with you.
You visited 1 branch of the dungeon, and saw 4 of its levels.

You collected 169 gold pieces.

Inventory:

Hand Weapons
 a - a +2 short sword of electrocution (weapon)
Armour
 p - a +0 robe (worn)
 r - a +2 hat of stealth (worn)
 s - a +0 cloak of stealth (worn)
Jewellery
 i - an amulet of the acrobat (around neck)
 n - a +4 ring of protection (left hand)
 o - a +4 ring of protection (right hand)
Scrolls
 d - a scroll of fear {unknown}
 f - 2 scrolls of poison {unknown}
 g - 2 scrolls of magic mapping {unknown}
 j - a scroll of teleportation {unknown}
 k - 3 scrolls of identify {unknown}
 l - 3 scrolls of butterflies {unknown}
 t - a scroll of immolation {unknown}
Potions
 b - a potion of magic
 c - 2 potions of degeneration {unknown}
 e - 3 potions of curing {unknown}
 h - a potion of attraction {unknown}
 m - a potion of lignification {unknown}
 q - a potion of flight {unknown}


   Skills:
 - Level 2.1 Dodging
 - Level 1.7 Stealth
 - Level 2.1 Spellcasting
 - Level 3.0 Conjurations
 + Level 10.5 Ice Magic


You had 2 spell levels left.
You knew the following spells:

 Your Spells              Type           Power      Damage    Failure   Level
a - Freeze                Ice            100%       1d11      1%          1
b - Frozen Ramparts       Ice            74%        1d12      1%          3
c - Hailstorm             Conj/Ice       25%        3d7       12%         4

Your spell library contained the following spells:

 Spells                   Type           Power      Damage    Failure   Level
 Static Discharge         Conj/Air       7%         3-4/arc   16%         2
 Ozocubu's Armour         Ice            37%        N/A       1%          3
 Dazzling Flash           Conj/Hex       14%        N/A       30%         3
 Sticky Flame             Conj/Fire      7%         2d3       69%         4
 Dispel Undead            Necr           1%         3d6       88%         4
 Agony                    Necr           1%         N/A       99%         5
 Silence                  Hex/Air        0%         N/A       99%         5


Dungeon Overview and Level Annotations

Branches:
Dungeon (4/15)
 Temple: D:4-7

Altars:
Makhleb
Xom


Innate Abilities, Weirdness & Mutations

You are amphibious.
You cover ground slowly.
You can hop short distances.
You have an extended range of vision and can be seen from far away.


Message History

The orc wizard hits you but does no damage.
You are more poisoned.
You hit the orc wizard.
You feel very sick.
The orc wizard hits you but does no damage.
You are more poisoned.
The orc closely misses you.
You hit the orc wizard.
You feel very sick. The orc hits you but does no damage.
The orc wizard misses you. The orc barely misses you.
You hit the orc wizard but do no damage.
Lightning courses through the orc wizard!
You feel very sick. The orc closely misses you.
The orc wizard casts a spell at you. The magic dart hits you.
The orc misses you.
You hit the orc wizard.
* * * LOW HITPOINT WARNING * * *
You feel very sick. The orc barely misses you.
The orc wizard hits you with a +0 dagger of venom.
* * * LOW HITPOINT WARNING * * *
The orc closely misses you.
You closely miss the orc wizard.
* * * LOW HITPOINT WARNING * * *
You feel very sick. The orc barely misses you.
The orc wizard points at you and mumbles some strange words.
You are confused.
The orc hits you with a +0 hand axe.
* * * LOW HITPOINT WARNING * * *
* * * LOW HITPOINT WARNING * * *
You feel sick.
The orc wizard points at you and mumbles some strange words.
You resist with some effort. The orc completely misses you. x2
The orc wizard hits you but does no damage.
You are more poisoned.
The orc closely misses you.
You die...

########## ##........#
#.........####
#.?..........#######
#####...o..)..##...(...##
.......oo@.$..............
#######........##.......##
#........##.......##
#........##.......##
#######.###..(†...## #.#
#.......## #.# #.########
#.# #.# # # #.# #.# #


You could see an orc wizard and 2 orcs.

Vanquished Creatures
  An ice beast (D:3)
  A black bear (D:3)
  An ogre (D:4)
  A necrophage (D:4)
  A hound (D:4)
  Crazy Yiuf (D:3)
  6 orc priests
  3 orc wizards (D:3)
  6 adders
  An ufetubus (D:4)
  A worm (D:2)
  3 dart slugs
  16 orcs
  3 endoplasms
  A giant cockroach (D:3)
  2 goblins
  7 hobgoblins
  4 jackals (D:2)
  A quokka (D:3)
  2 ball pythons
  4 bats (D:2)
  A frilled lizard (D:1)
  4 kobolds
  3 rats
74 creatures vanquished.

Vanquished Creatures (others)
  A fungus (D:3)
  29 plants (D:3)
30 creatures vanquished.

Grand Total: 104 creatures vanquished

Notes
Turn   | Place    | Note
-------+----------+-------------------------------------------
     0 | D:1      | Colgate the Barachi Ice Elementalist began the quest for
                  | the Orb.
     0 | D:1      | Reached XP level 1. HP: 13/13 MP: 3/3
   207 | D:1      | Reached skill level 5 in Ice Magic
   674 | D:1      | Reached XP level 2. HP: 19/19 MP: 1/5
   885 | D:1      | Noticed a great orb of eyes
   893 | D:1      | Found a faded altar of an unknown god.
   893 | D:1      | Noticed a golden eye
   894 | D:1      | Noticed an eye of devastation
   894 | D:1      | Noticed a floating eye
   899 | D:1      | Prayed at the altar of an unknown god.
   899 | D:1      | Became a worshipper of Makhleb the Destroyer
   899 | D:1      | Reached * piety under Makhleb
  1499 | D:2      | Reached XP level 3. HP: 24/24 MP: 4/6
  1504 | D:2      | Reached skill level 6 in Ice Magic
  1581 | D:2      | Found a shimmering altar of Xom.
  1592 | D:2      | Learned a level 3 spell: Frozen Ramparts
  2042 | D:2      | Reached XP level 4. HP: 28/30 MP: 4/7
  2457 | D:3      | Reached ** piety under Makhleb
  2470 | D:3      | Reached skill level 7 in Ice Magic
  2477 | D:3      | Reached XP level 5. HP: 30/35 MP: 0/8
  2671 | D:3      | Noticed a black bear
  2678 | D:3      | Killed a black bear
  2679 | D:3      | Reached skill level 8 in Ice Magic
  2684 | D:3      | Learned a level 4 spell: Hailstorm
  2745 | D:3      | Reached XP level 6. HP: 41/41 MP: 6/9
  2824 | D:3      | Reached skill level 1 in Conjurations
  3325 | D:3      | Found a runed translucent door.
  3326 | D:3      | Noticed Crazy Yiuf
  3336 | D:3      | Killed Crazy Yiuf
  3768 | D:4      | Noticed an ice beast
  3815 | D:4      | Reached skill level 9 in Ice Magic
  4093 | D:3      | Killed an ice beast
  4094 | D:3      | Reached XP level 7. HP: 46/46 MP: 10/10
  4174 | D:4      | Reached skill level 10 in Ice Magic
  4609 | D:4      | HP: 2/46 [poisoned by an orc wizard]
  4610 | D:4      | Succumbed to an orc wizard's poison

Illustrated notes

Levels and vault maps discovered:
D:1:      wander_arrival_lonely_grave, layout_basic,
          hellmonk_ecumenical_altar_watching_god, kennysheep_crisscross
D:2:      layout_basic, basic_altar, grunt_ministairs_8, reono_crystal_passage
D:3:      layout_basic, kennysheep_boxes, uniq_crazy_yiuf_cottage
D:4:      layout_basic, serial_bayou_pond_d, hangedman_decor_diamond_cutter

Skill      XL: |  1  2  3  4  5  6  7 |
---------------+----------------------+-----
Ice Magic      | 5 6 7 8 9 10 | 10.5
Conjurations   | 2 3 |  3.0
Dodging        | |  2.1
Stealth        | |  1.7
Spellcasting   | |  2.1

Action                   |  1- 3 |  4- 6 |  7- 9 || total
-------------------------+-------+-------+-------++-------
Melee: Unarmed           |     9 |     1 |       ||    10
       Short sword       |       |    15 |    16 ||    31
 Cast: Freeze            |    38 |    28 |    18 ||    84
       Frozen Ramparts   |     4 |     9 |     2 ||    15
       Hailstorm         |       |     2 |     4 ||     6
 Abil: Hop               |       |     5 |       ||     5
Armor: Robe              |     4 |    14 |    14 ||    32
Dodge: Dodged            |    21 |    21 |    29 ||    71
